 Dungeon Crawl Stone Soup version 0.14-a0-1388-g200237c (webtiles) character file.

2693 Psiweapon the Grave Robber (level 9, -6/68 HPs)
             Began as a Mummy Necromancer on Dec 9, 2013.
             Was an Initiate of Yredelemnul.
             Mangled by Duvessa
             ... wielding a +2,+0 elven short sword
              (9 damage)
             ... on Level 8 of the Dungeon.
             The game lasted 01:10:37 (11151 turns).

Psiweapon the Grave Robber (Mummy Necromancer)     Turns: 11151, Time: 01:10:37

HP  -6/68        AC  3     Str 13      XL: 9   Next: 25%
MP   1/19        EV 13     Int 15      God: Yredelemnul [......]
Gold 253         SH  0     Dex 12      Spells:  4 memorised,  7 levels left

rFire  x . .     SeeInvis +     s - +0,+2 spear (flame)
rCold  + . .     Clarity  .     G - +0 leather armour
rNeg   + + +     Conserve .     (no shield)
rPois  +         rCorr    .     (no helmet)
rElec  .         rRot     +     (no cloak)
SustAb . .       Spirit   .     (no gloves)
rMut   .         Warding  .     (no boots)
Saprov . . .     Stasis   .     (no amulet)
                                z - ring of see invisible
                                l - ring of flight

@: very slightly contaminated, somewhat resistant to hostile enchantments,
stealthy
A: no food or potions, fire vulnerability, restore body, cold resistance 1, life
protection 3, poison resistance, torment resistance, unbreathing
a: Renounce Religion, Evoke Flight


You were on level 8 of the Dungeon.
You worshipped Yredelemnul.
Yredelemnul was noncommittal.
You were not hungry.

You visited 2 branches of the dungeon, and saw 9 of its levels.

You collected 253 gold pieces.

Inventory:

Hand weapons
 d - a +0,+0 war axe
 g - a -1,+0 orcish mace
 j - a +0,+0 dagger
 n - a +1,+2 cutlass
 r - a +2,+2 mace of crushing
 s - a +0,+2 spear of flaming (weapon)
 w - a +0,+1 orcish great mace
 x - a +0,+0 long sword
 C - a -4,+1 orcish hand axe
 E - a +0,+2 dire flail
Missiles
 f - 16 stones
 h - 9 javelins
 u - 3 silver tomahawks
 v - a poisoned dart (quivered)
 A - 2 exploding darts
Armour
 a - a +0 robe
 G - a +0 leather armour (worn)
Magical devices
 p - a wand of fire (0)
 y - a wand of lightning (0)
Comestibles
 F - 6 beef jerkies
Scrolls
 e - 5 scrolls of fear
 i - a scroll of amnesia
 k - a scroll of blinking
 m - 4 scrolls of teleportation {unknown}
 o - a scroll of enchant armour {unknown}
Jewellery
 l - a ring of flight (left hand)
 t - an uncursed ring of poison resistance
 z - a ring of see invisible (right hand)
 D - a cursed -4 ring of protection {unknown}
Books
 b - a book of Necromancy

   Spells                             Type                      Level
   *Pain                              Necromancy                   1
   *Animate Skeleton                  Necromancy                   1
   Lethal Infusion                    Charms/Necromancy            2
   *Vampiric Draining                 Necromancy                   3
   Regeneration                       Charms/Necromancy            3
   Animate Dead                       Necromancy                   4
   *Control Undead                    Necromancy                   4
 q - a book of Summonings

   Spells                             Type                      Level
   Abjuration                         Summoning                    3
   Recall                             Summoning/Translocation      3
   Summon Elemental                   Summoning                    4
   Shadow Creatures                   Summoning                    5
   Summon Demon                       Summoning                    5
   Summon Ugly Thing                  Summoning                    6
 B - a book of Party Tricks

   Spells                             Type                      Level
   Summon Butterflies                 Summoning                    1
   Apportation                        Translocation                1
   Blink                              Translocation                2
   Alistair's Intoxication            Transmutation/Poison         4
   Tukima's Dance                     Hexes                        5


   Skills:
 + Level 5.6 Fighting
 - Level 3.0 Polearms
 + Level 5.4 Dodging
 + Level 4.4 Stealth
 - Level 4.1 Spellcasting
 + Level 6.7 Necromancy


You had 7 spell levels left.
You knew the following spells:

 Your Spells              Type           Power        Failure   Level  Hunger
a - Pain                  Necr           ###.         1%          1    N/A
b - Vampiric Draining     Necr           ###.......   3%          3    N/A
c - Control Undead        Necr           ###.......   14%         4    N/A
d - Animate Skeleton      Necr           N/A          1%          1    N/A

Dungeon Overview and Level Annotations

Branches:
Dungeon (8/16)             Temple (1/1) D:7
   Lair: D:8-11

Altars:
Ashenzari
Cheibriados
Elyvilon
Fedhas
Kikubaaqudgha
Makhleb
Nemelex Xobeh
Okawaru
Sif Muna
Trog
Vehumet
Xom
Yredelemnul
Zin
the Shining One

Annotations:
D:6 1 exclusion
D:8 Dowan; Duvessa; July's ghost, experienced SpEn


Innate Abilities, Weirdness & Mutations

You do not eat or drink.
Your flesh is vulnerable to fire.
Your flesh is cold resistant.
You are immune to negative energy.
Your system is resistant to poisons.
You are immune to unholy pain and torment.
You can survive without breathing.


Message History

Duvessa hits you with an elven short sword.
Duvessa hits you with an elven short sword!
The wight barely misses you.
Duvessa hits you with an elven short sword.
The wight hits you from afar with a halberd!
* * * LOW HITPOINT WARNING * * *
Casting: Pain
Confirm with . or Enter, or press ? or * to list all spells.
Aiming: Pain
Press: ? - help, Shift-Dir - straight line, f/p - Duvessa
Aim: Duvessa, wielding an elven short sword (severely wounded, moving very quickly) Duvessa convulses in agony!
Duvessa hits you but does no damage.
The wight hits you from afar with a halberd!
* * * LOW HITPOINT WARNING * * *
Duvessa gestures with her weapon.
Duvessa barely misses you.
Your orc skeleton barely misses Duvessa.
Duvessa hits you with an elven short sword!
You die...
Yredelemnul claims you as an undead slave.

.........%.................
........%)................... .
................................
...............................
..................>............
...............................
...................%..........
...........z.............>.....
...........z.e@......%.........
####..............#..###.......
#..[......###...#### #.......
#....##....# #.### #.......
#.... #....# ### #.......


uu. ###### ##...##. u #...### ##### You could see Duvessa, a wight and a
friendly orc skeleton.

Vanquished Creatures
  A sky beast (D:7)
  A centaur (D:7)
  2 black bears (D:6)
  An ice beast (D:6)
  3 orc warriors
  An ogre (D:7)
  A giant frog (D:8)
  A troll zombie (D:7)
  2 wights
  A jelly (D:6)
  4 crimson imps
  A gnoll shaman (D:4)
  An iguana (D:5)
  4 orc priests
  3 hounds
  6 scorpions
  6 orc wizards
  A killer bee zombie (D:5)
  5 worker ants
  A sky beast zombie (D:8)
  A worker ant zombie (D:7)
  10 adders
  10 gnolls
  4 worms
  An adder zombie (D:5)
  2 adder skeletons
  A giant eyeball (D:6)
  9 giant geckos
  2 oozes
  28 orcs
  2 ball pythons
  8 giant cockroaches
  10 goblins
  10 hobgoblins
  9 jackals
  10 kobolds
  12 bats
  5 giant newts
  A goblin zombie (D:5)
  A hobgoblin zombie (D:6)
  A kobold skeleton (D:5)
  2 orc skeletons
  4 quokkas
  21 rats
  2 rat skeletons
212 creatures vanquished.

Vanquished Creatures (collateral kills)
  A phantom (D:7)
  An ogre (D:7)
  3 wights (D:7)
  A hound (D:7)
  A worker ant (D:7)
  2 orc wizards (D:8)
  A giant mite (D:7)
  2 gnolls (D:7)
  5 orcs
  A jackal (D:5)
18 creatures vanquished.

Vanquished Creatures (others)
  A centaur skeleton (D:7)
  A giant frog skeleton (D:8)
  A hound skeleton (D:7)
  A bat skeleton (D:7)
  2 gnoll skeletons (D:7)
  2 hobgoblin skeletons
  7 orc skeletons
  3 rat skeletons
18 creatures vanquished.

Grand Total: 248 creatures vanquished

Notes
Turn   | Place    | Note
--------------------------------------------------------------
     0 | D:1      | Psiweapon, the Mummy Necromancer, began the quest for the Orb.
     0 | D:1      | Reached XP level 1. HP: 13/13 MP: 3/3
   260 | D:1      | Reached XP level 2. HP: 19/19 MP: 0/4
  1333 | D:2      | Reached XP level 3. HP: 24/24 MP: 1/6
  1338 | D:2      | Learned a level 3 spell: Vampiric Draining
  2711 | D:3      | Reached XP level 4. HP: 30/30 MP: 5/7
  3729 | D:3      | Reached skill level 5 in Necromancy
  4054 | D:4      | Reached XP level 5. HP: 35/35 MP: 3/9
  4133 | D:5      | Entered Level 5 of the Dungeon
  4410 | D:4      | Reached skill level 1 in Fighting
  4677 | D:4      | Learned a level 4 spell: Control Undead
  4689 | D:4      | Reached XP level 6. HP: 26/43 MP: 3/10
  6152 | D:5      | Reached XP level 7. HP: 51/51 MP: 9/12
  6207 | D:5      | Reached skill level 6 in Necromancy
  7498 | D:5      | Reached skill level 1 in Polearms
  8262 | D:6      | Reached XP level 8. HP: 46/60 MP: 10/17
  8513 | D:6      | Found a deep blue altar of Sif Muna.
  9048 | D:6      | Learned a level 1 spell: Animate Skeleton
  9650 | D:6      | Paralysed by a giant eyeball for 4 turns
  9656 | D:6      | Paralysed by a giant eyeball for 2 turns
  9719 | D:7      | Reached skill level 5 in Dodging
  9735 | D:7      | Reached skill level 5 in Fighting
  9790 | D:8      | Found a glowing golden altar of the Shining One.
 10061 | D:7      | Found a staircase to the Ecumenical Temple.
 10156 | Temple   | Entered the Ecumenical Temple
 10262 | Temple   | Became a worshipper of Yredelemnul the Dark
 10334 | D:7      | Reached XP level 9. HP: 66/68 MP: 17/19
 10716 | D:7      | Found a bloodstained altar of Trog.
 10716 | D:7      | Found a snail-covered altar of Cheibriados.
 11067 | D:8      | Noticed Dowan
 11068 | D:8      | Noticed Duvessa
 11121 | D:8      | Noticed July's ghost (experienced SpEn)
 11148 | D:8      | HP: 2/68 [wight/halberd (12)]
 11151 | D:8      | Mangled by Duvessa

Action                   |  1- 3 |  4- 6 |  7- 9 || total
-------------------------+-------+-------+-------++-------
Melee: Unarmed           |    11 |       |       ||    11
       Mace              |     9 |    69 |    68 ||   146
       War axe           |       |    42 |       ||    42
       Spear             |       |    34 |   233 ||   267
Throw: Dart              |     6 |     1 |     1 ||     8
       Stone             |       |    14 |     1 ||    15
 Cast: Pain              |    79 |   117 |    90 ||   286
       Vampiric Draining |     1 |    13 |    44 ||    58
       Control Undead    |       |       |    19 ||    19
       Animate Skeleton  |       |       |    22 ||    22
Evoke: Wand              |       |     1 |     7 ||     8
  Use: Scroll            |     3 |     4 |     4 ||    11
 Stab: Sleeping          |     1 |     4 |     6 ||    11
